 Dungeon Crawl Stone Soup version 0.31.0-11-ge490571c62 (webtiles) character file.

Game seed: 16820403321178105080

50 Ashen the Sneak (level 3, -5/26 HPs)
             Began as a Gnoll Enchanter on Feb 3, 2024.
             Slain by Crazy Yiuf
             ... wielding a +3 quarterstaff of chaos
              (18 damage)
             ... on level 2 of the Dungeon.
             The game lasted 00:02:54 (1489 turns).

Ashen the Sneak (Gnoll Enchanter)                   Turns: 1489, Time: 00:02:55

Health: -5/26      AC:  2    Str:  7    XL:     3   Next: 79%
Magic:  7/9        EV: 13    Int: 14    God:
Gold:   76         SH:  6    Dex: 14    Spells: 10/12 levels left

rFire   . . .        a - +1 dagger
rCold   . . .        k - +2 buckler
rNeg    . . .        b - +0 robe
rPois   .            (no helmet)
rElec   .            (no cloak)
rCorr   .            (no gloves)
SInv    .            (no boots)
Will    .....        (no amulet)
Stlth   +++          (no ring)
HPRegen 0.24/turn    (no ring)
MPRegen 0.11/turn

%: no passive effects
@: no status effects
A: fangs 1, strong nose, distributed training
a: no special abilities


You were on level 2 of the Dungeon.
You visited 1 branch of the dungeon, and saw 2 of its levels.

You collected 76 gold pieces.

Inventory:

Hand Weapons
 a - a +1 dagger (weapon)
 d - a +1 long sword of electrocution
Armour
 b - a +0 robe (worn)
 k - a +2 buckler (worn)
Talismans
 g - a talisman of death
Scrolls
 e - a scroll of teleportation {unknown}
 i - a scroll of fear {unknown}
 j - a scroll of butterflies {unknown}
 n - a scroll of immolation {unknown}
Potions
 c - 2 potions of invisibility
 f - 2 potions of ambrosia {unknown}
 h - a potion of lignification {unknown}
 l - a potion of heal wounds {unknown}
 m - 2 potions of mutation {unknown}


   Skills:
 + Level 1.0 Fighting
 + Level 2.6 Short Blades
 + Level 1.0 Long Blades
 + Level 1.0 Axes
 + Level 1.0 Maces & Flails
 + Level 1.0 Polearms
 + Level 1.0 Staves
 + Level 1.0 Ranged Weapons
 + Level 1.0 Throwing
 + Level 1.0 Armour
 + Level 4.6 Dodging
 + Level 6.0 Stealth
 + Level 1.0 Shields
 + Level 1.0 Unarmed Combat
 + Level 5.0 Spellcasting
 + Level 0.7 Conjurations
 + Level 5.4 Hexes
 + Level 0.7 Summonings
 + Level 0.7 Necromancy
 + Level 0.7 Translocations
 + Level 0.7 Fire Magic
 + Level 0.7 Ice Magic
 + Level 0.7 Air Magic
 + Level 0.7 Earth Magic
 + Level 0.7 Alchemy
 + Level 1.0 Invocations
 + Level 1.0 Evocations
 + Level 0.8 Shapeshifting


You had 10 spell levels left.
You knew the following spells:

 Your Spells              Type           Power      Damage    Failure   Level
a - Ensorcelled Hibernat  Hex/Ice        24%        N/A       12%         2

Your spell library contained the following spells:

 Spells                   Type           Power      Damage    Failure   Level
 Confusing Touch          Hex            18%        N/A       10%         3
 Tukima's Dance           Hex            18%        N/A       10%         3
 Dazzling Flash           Conj/Hex       24%        N/A       24%         3


Dungeon Overview and Level Annotations

Branches:
Dungeon (2/15)

Altars:

Shops:
D:1 :

Annotations:
D:2 Crazy Yiuf


Innate Abilities, Weirdness & Mutations

You have very sharp teeth.
Your uncanny sense of smell can sniff out nearby items.
Your experience applies equally to all skills.


Message History

Found a hammer.
Found a runed translucent door.
Crazy Yiuf shouts!
Crazy Yiuf screams, "Two shrimp stair!"
A hobgoblin comes into view.
A hobgoblin is nearby!
You hit the hobgoblin.
The hobgoblin is severely wounded.
You block the hobgoblin's attack.
You closely miss the hobgoblin.
The hobgoblin is severely wounded.
The hobgoblin barely misses you.
Casting: Ensorcelled Hibernation (safe; 12% risk of failure)
Confirm with . or Enter, or press ? or * to list all spells.
Aiming: Ensorcelled Hibernation (safe; 12% risk of failure)
Press: ? - help, Shift-Dir - straight line, f - hobgoblin
Aim: a hobgoblin (severely wounded, chance to affect: 63%)
The hobgoblin looks drowsy...
The helpless hobgoblin fails to defend itself.
You impale the hobgoblin!!
You kill the hobgoblin!
You see here a hobgoblin corpse.
You see here a hobgoblin corpse.
There is a stone staircase leading up here.
Crazy Yiuf shouts!
Could not explore, unopened runed door.
Casting: Ensorcelled Hibernation (safe; 12% risk of failure)
Confirm with . or Enter, or press ? or * to list all spells.
You don't know that spell.
You open the door.
Casting: Ensorcelled Hibernation (safe; 12% risk of failure)
Confirm with . or Enter, or press ? or * to list all spells.
Aiming: Ensorcelled Hibernation (safe; 12% risk of failure)
Press: ? - help, Shift-Dir - straight line, f - Crazy Yiuf
Aim: Crazy Yiuf, wielding a +3 quarterstaff of chaos and wearing a +0 cloak (chance to affect: 54%) Crazy Yiuf resists with significant effort.
Crazy Yiuf hits you with a +3 quarterstaff of chaos!
Ouch! That really hurt!
You are electrocuted!!
Ouch! That really hurt!
You die...

##########
##....# ##<
# #....# #.
# ♣♣...♣ #.
# ♣...♣ ##.
# ♣♣.♣♣
#######.. #
♣♣.♣
#........ #
♣.♣♣
####.#####..
# ♣♣.♣
#....# #).
############
♣@♣♣ ######
#..
...[[..[...#
#g#
##########..
######.#####
...
#......>....
#.# #...#
#######....#
#.# #)..#
######......
#.#####
#####
#..........#
#.....#
#...........
#####)# ###
#####......#
#.# #.#
#.....##


You could see Crazy Yiuf.

Vanquished Creatures
  An adder (D:2)
  A ribbon worm (D:2)
  5 ball pythons
  An endoplasm (D:1)
  2 giant cockroaches
  6 goblins
  5 hobgoblins
  7 kobolds
  3 quokkas
  A bat (D:1)
  2 frilled lizards (D:2)
34 creatures vanquished.

Notes
Turn   | Place    | Note
-------+----------+-------------------------------------------
     0 | D:1      | Ashen the Gnoll Enchanter began the quest for the Orb.
     0 | D:1      | Reached XP level 1. HP: 13/13 MP: 6/6
    19 | D:1      | Found Janladoni's Book Shop.
   149 | D:1      | Reached XP level 2. HP: 18/19 MP: 7/7
   152 | D:1      | Learned a level 2 spell: Ensorcelled Hibernation
   246 | D:1      | HP: 1/20 [kobold/+0 short sword (3)]
   519 | D:1      | Reached skill level 5 in Spellcasting
   519 | D:1      | Reached XP level 3. HP: 25/25 MP: 7/9
   808 | D:2      | Reached skill level 6 in Stealth
   927 | D:2      | Reached skill level 1 in Invocations
  1236 | D:2      | Reached skill level 1 in Fighting
  1236 | D:2      | Reached skill level 1 in Long Blades
  1236 | D:2      | Reached skill level 1 in Axes
  1236 | D:2      | Reached skill level 1 in Maces & Flails
  1236 | D:2      | Reached skill level 1 in Polearms
  1236 | D:2      | Reached skill level 1 in Staves
  1236 | D:2      | Reached skill level 1 in Ranged Weapons
  1236 | D:2      | Reached skill level 1 in Throwing
  1236 | D:2      | Reached skill level 1 in Armour
  1236 | D:2      | Reached skill level 1 in Shields
  1236 | D:2      | Reached skill level 1 in Unarmed Combat
  1236 | D:2      | Reached skill level 1 in Evocations
  1350 | D:2      | Found a runed translucent door.
  1351 | D:2      | Noticed Crazy Yiuf
  1489 | D:2      | Slain by Crazy Yiuf

Illustrated notes

Levels and vault maps discovered:
D:1:      dpeg_arrival_arbitrary_b, layout_basic, serial_shops, shop
D:2:      layout_loops_ring, uniq_crazy_yiuf_cottage

Skill      XL: |  1  2  3 |
---------------+----------+-----
Spellcasting   | 5 |  5.0
Stealth        | 6 |  6.0
Invocations    | 1 |  1.0
Fighting       | 1 |  1.0
Long Blades    | 1 |  1.0
Axes           | 1 |  1.0
Maces & Flails | 1 |  1.0
Polearms       | 1 |  1.0
Staves         | 1 |  1.0
Ranged Weapons | 1 |  1.0
Throwing       | 1 |  1.0
Armour         | 1 |  1.0
Shields        | 1 |  1.0
Unarmed Combat | 1 |  1.0
Evocations     | 1 |  1.0
Short Blades   | |  2.6
Dodging        | |  4.6
Conjurations   | |  0.7
Hexes          | |  5.4
Summonings     | |  0.7
Necromancy     | |  0.7
Translocations | |  0.7
Fire Magic     | |  0.7
Ice Magic      | |  0.7
Air Magic      | |  0.7
Earth Magic    | |  0.7
Alchemy        | |  0.7
Shapeshifting  | |  0.8

Action                     || total
---------------------------++-------
  Melee: Dagger            ||    78
         Bite              ||     5
   Cast: Ensorcelled Hiber ||    14
   Stab: Sleeping          ||    20
         Distracted        ||     1
 Armour: Robe              ||    31
  Dodge: Dodged            ||    37
  Block: Buckler           ||     4
